[Event "Titled Tuesday Blitz July 4 Late 2023"]
[White "Avila Rodriguez, Joshua Ad"]
[Black "Gardezi, Arsal"]
[WhiteFideId "5126444"]
[BlackFideId "30949521"]
[WhiteElo "2492"]
[BlackElo "2220"]
[Result "0-1"]
[Round "5"]
[TimeControl "180+2"]
[Date "2023.07.04"]
[WhiteClock "0:00:09"]
[BlackClock "0:00:29"]
[Board "107"]

1. c4 Nf6 2. Nf3 c6 3. g3 d5 4. Bg2 g6 5. O-O Bg7 6. d4 O-O 7. b3 Ne4 8. Bb2 Nd7 9. Nc3 Ndf6 10. Ne5 Bf5 11. f3 Nxc3 12. Bxc3 Nd7 13. e4 Be6 14. cxd5 cxd5 15. f4 dxe4 16. Bxe4 Nf6 17. Bxb7 Rb8 18. Bg2 Rc8 19. Bb2 Bd5 20. Rc1 Bxg2 21. Kxg2 Nd5 22. Qf3 e6 23. Ba3 Qa5 24. Bxf8 Rxc1 25. Bxg7 Rxf1 26. Kxf1 Kxg7 27. Qe2 Qc3 28. Kf2 Qxd4+ 29. Kg2 Ne3+ 30. Kh3 Qe4 31. Qb5 Qg2+ 32. Kh4 Qxh2+ 33. Kg5 Qh6# 0-1


[Site "https://www.chess.com"]

[Event "Titled Tuesday Blitz July 4 Late 2023"]
[White "Curtis, John"]
[Black "Kovalevsky, Stanislav"]
[WhiteFideId "3200256"]
[BlackFideId "13508598"]
[WhiteElo "2126"]
[BlackElo "2492"]
[Result "0-1"]
[Round "5"]
[TimeControl "180+2"]
[Date "2023.07.04"]
[WhiteClock "0:00:03"]
[BlackClock "0:00:14"]
[Board "108"]

1. e4 e6 2. d4 d5 3. Nc3 dxe4 4. Nxe4 Nf6 5. Nxf6+ gxf6 6. Nf3 Nc6 7. Bc4 Ne7 8. O-O Bd7 9. Qe2 Bc6 10. Bd3 Qd6 11. Bb5 Rg8 12. a4 O-O-O 13. Bxc6 Qxc6 14. c3 Nf5 15. g3 h5 16. Re1 h4 17. Qe4 hxg3 18. hxg3 Rd5 19. Kg2 Bd6 20. Bd2 Bxg3 21. Kf1 Qc4+ 22. Qe2 Qb3 23. Ra3 Qxb2 24. Bc1 Qxe2+ 25. Kxe2 Bd6 26. Rb3 c5 27. c4 Nxd4+ 28. Nxd4 Rxd4 29. Rc3 Re4+ 30. Be3 f5 31. f3 Rh4 32. Rf1 Rg2+ 33. Rf2 Rxf2+ 34. Bxf2 Rh2 35. Kf1 Kc7 36. Kg1 Rh8 37. a5 Rg8+ 38. Kf1 Rd8 39. Rd3 Be7 40. Bg3+ Kc8 41. Rxd8+ Bxd8 42. Be1 Kd7 43. Ke2 e5 44. Bc3 Ke6 45. Kd3 Bc7 46. Bd2 a6 47. Be1 Kf6 48. Bc3 Kg5 49. Bd2+ Kh4 50. Ke3 Kg3 51. Be1+ Kg2 52. Ke2 e4 53. fxe4 fxe4 54. Bf2 Bxa5 55. Bxc5 f5 56. Bd6 Bb6 57. c5 Ba7 58. Ke3 a5 59. Kf4 a4 60. c6 bxc6 61. Kxf5 e3 62. Bc5 Bxc5 0-1


[Site "https://www.chess.com"]

[Event "Titled Tuesday Blitz July 4 Late 2023"]
[White "Vlassov, Nikolai"]
[Black "Cooper, Aaron"]
[WhiteFideId "4103360"]
[BlackFideId "2634945"]
[WhiteElo "2570"]
[BlackElo "2214"]
[Result "1-0"]
[Round "5"]
[TimeControl "180+2"]
[Date "2023.07.04"]
[WhiteClock "0:02:37"]
[BlackClock "0:02:16"]
[Board "109"]

1. e4 d5 2. exd5 Qxd5 3. Nf3 Bg4 4. Be2 Nc6 5. O-O e5 6. Nc3 Qd7 7. h3 Bxf3 8. Bxf3 Nf6 9. Re1 Bd6 10. d4 Nxd4 11. Qxd4 1-0


[Site "https://www.chess.com"]

[Event "Titled Tuesday Blitz July 4 Late 2023"]
[White "Mickiewicz, Piotr"]
[Black "Pasti, Aron"]
[WhiteFideId "1114891"]
[BlackFideId "785857"]
[WhiteElo "2422"]
[BlackElo "2551"]
[Result "1-0"]
[Round "5"]
[TimeControl "180+2"]
[Date "2023.07.04"]
[WhiteClock "0:02:02"]
[BlackClock "0:01:21"]
[Board "110"]

1. Nf3 d5 2. g3 Nc6 3. Bg2 e5 4. d3 Nf6 5. O-O Bg4 6. c4 dxc4 7. Qa4 Bd6 8. Qxc4 O-O 9. Bg5 h6 10. Bxf6 Qxf6 11. Qxg4 e4 12. dxe4 Qxb2 13. Nbd2 Bb4 14. Nc4 Qxe2 15. Nfe5 Bc3 16. Qxe2 1-0


[Site "https://www.chess.com"]

[Event "Titled Tuesday Blitz July 4 Late 2023"]
[White "Ai, Evan"]
[Black "Dinosaurio_1975"]
[WhiteFideId "2094770"]
[WhiteElo "2420"]
[BlackElo "2550"]
[Result "1-0"]
[Round "5"]
[TimeControl "180+2"]
[Date "2023.07.04"]
[WhiteClock "0:00:08"]
[BlackClock "0:00:07"]
[Board "111"]

1. d4 d5 2. c4 e6 3. Nf3 Nf6 4. g3 Be7 5. Bg2 O-O 6. O-O c6 7. Qc2 b6 8. Rd1 Ba6 9. Ne5 Nfd7 10. b3 Nxe5 11. dxe5 Nd7 12. Bb2 Qc7 13. cxd5 exd5 14. Bxd5 Nxe5 15. Bg2 Rfd8 16. Nc3 Rac8 17. Rac1 Qb8 18. Qe4 Bb7 19. Bh3 Rxd1+ 20. Nxd1 Ng6 21. Bxc8 Qxc8 22. Ne3 c5 23. Qf5 Qc6 24. f3 h6 25. Rd1 b5 26. Nd5 Bf8 27. e4 c4 28. Bd4 a5 29. h4 Bc8 30. Qh5 cxb3 31. axb3 a4 32. bxa4 bxa4 33. f4 Qc2 34. Qf3 a3 35. Ne3 Qb3 36. h5 Ne7 37. Qe2 a2 38. Qc2 Qa3 39. Ra1 Be6 40. Kg2 Bb3 41. Qb2 Qa4 42. Kf3 Nc6 43. Kg2 Nxd4 44. Nd1 Qc4 45. Nc3 Nb5 46. Nxb5 Qxb5 47. e5 Bc5 48. Kh2 Qc4 49. Rc1 Qd4 50. Qxb3 a1=Q 51. Rxa1 Qxa1 52. e6 Qf6 53. exf7+ Qxf7 54. Qb8+ Bf8 55. Qe5 Qf6 56. Qd5+ Kh8 57. Kh3 Be7 58. Qa8+ Qf8 59. Qe4 Kg8 60. g4 Qf7 61. Qd3 Bd6 62. Qxd6 Qb3+ 63. Kg2 Qc2+ 64. Kf3 Qc3+ 65. Ke4 Qc2+ 66. Ke5 Qc3+ 67. Kf5 Qc2+ 68. Ke6 Qe4+ 69. Kd7 Qb7+ 70. Kd8 Qa8+ 71. Ke7 Qe4+ 72. Qe6+ Qxe6+ 73. Kxe6 Kf8 74. f5 Kg8 75. Ke7 Kh8 76. Kf7 Kh7 77. f6 gxf6 78. Kxf6 1-0


[Site "https://www.chess.com"]

[Event "Titled Tuesday Blitz July 4 Late 2023"]
[White "Sadovsky, Artem"]
[Black "Silva Lucena, Cristian"]
[WhiteFideId "4155840"]
[BlackFideId "2232588"]
[WhiteElo "2537"]
[BlackElo "2401"]
[Result "0-1"]
[Round "5"]
[TimeControl "180+2"]
[Date "2023.07.04"]
[WhiteClock "0:00:00"]
[BlackClock "0:00:07"]
[Board "112"]

1. e4 e5 2. Bc4 Nf6 3. d3 c6 4. Bb3 Be7 5. Nf3 O-O 6. O-O d6 7. h3 a5 8. Nc3 Nbd7 9. Be3 Qc7 10. a4 Nc5 11. Bxc5 dxc5 12. Qe2 Nh5 13. Nd2 Nf4 14. Qf3 Qd6 15. Nc4 Qf6 16. Kh2 Be6 17. g3 Nxh3 18. Qxf6 Bxf6 19. Nb6 Bxb3 20. cxb3 Ng5 21. Nxa8 Rxa8 22. Kg2 Ne6 23. Ne2 Ra6 24. Rfc1 Rb6 25. Ra3 Be7 26. Rc4 Nd4 27. Nxd4 cxd4 28. b4 axb4 29. Ra1 Ra6 30. b3 c5 31. Rc2 b6 32. f4 f6 33. Kf3 Kf7 34. Kg4 h6 35. fxe5 fxe5 36. Rf1+ Bf6 37. Rcf2 Ra5 38. Rf5 Ke6 39. Kh5 Ra7 40. Kg6 Ra8 41. g4 Rf8 42. Rc1 Ra8 43. Rc2 Ke7 44. Rcf2 Rf8 45. Ra2 Ra8 46. Rf3 Ke6 47. Raf2 Rf8 48. Rc2 Ra8 49. Rf1 Ra7 50. Rcf2 Rf7 51. a5 bxa5 52. Ra1 Ra7 53. Rc2 Kd6 54. Rca2 Bd8 55. Rf1 Bf6 56. Rc1 Kc6 57. Rca1 Kb5 58. Ra4 Bd8 0-1


[Site "https://www.chess.com"]

[Event "Titled Tuesday Blitz July 4 Late 2023"]
[White "Rodriguez, Santiago"]
[Black "Campos, Maria Jose"]
[WhiteFideId "3000591"]
[BlackFideId "146803"]
[WhiteElo "2527"]
[BlackElo "2386"]
[Result "1-0"]
[Round "5"]
[TimeControl "180+2"]
[Date "2023.07.04"]
[WhiteClock "0:01:04"]
[BlackClock "0:02:00"]
[Board "113"]

1. d4 Nf6 2. Bg5 e6 3. e4 h6 4. Bxf6 Qxf6 5. c3 d6 6. Bd3 Nc6 7. Ne2 e5 8. O-O g6 9. Bb5 Bd7 10. d5 Nb8 11. Bxd7+ Nxd7 12. Nd2 Bg7 13. b4 O-O 14. a4 a5 15. Nc4 Qh4 16. Qd3 axb4 17. cxb4 f5 18. f3 b6 19. Nc3 h5 20. Nb5 Rac8 21. Na7 Rce8 22. Nb5 Rc8 23. Ra2 fxe4 24. fxe4 Rxf1+ 25. Qxf1 Qxe4 26. Nc3 Qd4+ 27. Kh1 Qd3 28. Qxd3 1-0


[Site "https://www.chess.com"]

[Event "Titled Tuesday Blitz July 4 Late 2023"]
[White "Cooklev, Steven"]
[Black "Aggelis, Nikolaos"]
[WhiteFideId "2050552"]
[BlackFideId "4213220"]
[WhiteElo "2378"]
[BlackElo "2521"]
[Result "0-1"]
[Round "5"]
[TimeControl "180+2"]
[Date "2023.07.04"]
[WhiteClock "0:00:00"]
[BlackClock "0:00:17"]
[Board "114"]

1. e4 c6 2. Nc3 d5 3. Nf3 dxe4 4. Nxe4 Bg4 5. Be2 Bxf3 6. Bxf3 Nd7 7. d4 Ngf6 8. Nxf6+ Nxf6 9. c3 e6 10. Qb3 Qc7 11. Bg5 Be7 12. Bh4 O-O-O 13. Bg3 Bd6 14. Bxd6 Qxd6 15. O-O g5 16. Qa4 Kb8 17. Rfe1 g4 18. Be2 h5 19. b4 h4 20. b5 c5 21. dxc5 Qxc5 22. Qf4+ Ka8 23. Qxf6 g3 24. h3 Rhg8 25. Rad1 Rc8 26. Rd3 Rg6 27. Qxf7 Rf8 28. Rf1 Rgg8 29. Qxe6 Rxf2 30. Qe3 Rxf1+ 31. Bxf1 Qf5 32. Qd2 Qf6 33. Rf3 Qb6+ 34. Qd4 Qc7 35. c4 Rd8 36. Qxh4 Qc5+ 0-1


[Site "https://www.chess.com"]

[Event "Titled Tuesday Blitz July 4 Late 2023"]
[White "BenchGM"]
[Black "marik_spb"]
[WhiteElo "2376"]
[BlackElo "2501"]
[Result "0-1"]
[Round "5"]
[TimeControl "180+2"]
[Date "2023.07.04"]
[WhiteClock "0:00:00"]
[BlackClock "0:00:10"]
[Board "115"]

1. e4 c6 2. d4 d5 3. e5 Bf5 4. h4 h5 5. Bd3 Bxd3 6. Qxd3 Qa5+ 7. Nd2 e6 8. Nf3 Ne7 9. O-O Nf5 10. c4 Be7 11. g3 Nd7 12. cxd5 cxd5 13. Nb3 Qa6 14. Qxa6 bxa6 15. Bg5 Bxg5 16. hxg5 Ke7 17. Rac1 Rhc8 18. Na5 Nb6 19. b3 g6 20. Rfd1 Kd7 21. Kf1 Rxc1 22. Rxc1 Rc8 23. Rxc8 Nxc8 24. Nb7 Kc7 25. Nc5 a5 26. Ke2 Nce7 27. Kd3 Nc6 28. Na4 Nb4+ 29. Kd2 Nxa2 30. Nc3 Nb4 31. Nb5+ Kb6 32. Nd6 Nc6 33. Nxf7 Ncxd4 34. Nxd4 Nxd4 35. Kc3 Nf3 36. Kd3 Kc5 37. Ke3 Nd4 38. Nd8 Nxb3 39. Nxe6+ Kc4 40. Nf8 a4 41. e6 Nd4 42. e7 Nf5+ 43. Kf4 Nxe7 44. Ke5 a3 45. Kf6 a2 46. Kxe7 a1=Q 47. Nxg6 Qg7+ 48. Ke6 Qxg6+ 0-1


[Site "https://www.chess.com"]

[Event "Titled Tuesday Blitz July 4 Late 2023"]
[White "ElenGajger"]
[Black "a-z30"]
[WhiteElo "2363"]
[BlackElo "2487"]
[Result "1-0"]
[Round "5"]
[TimeControl "180+2"]
[Date "2023.07.04"]
[WhiteClock "0:00:56"]
[BlackClock "0:00:00"]
[Board "116"]

1. e4 d6 2. d4 Nf6 3. Nc3 g6 4. g3 Bg7 5. Bg2 O-O 6. Nge2 Nbd7 7. O-O c5 8. Be3 Rb8 9. h3 b6 10. a4 a6 11. Qd2 cxd4 12. Nxd4 Bb7 13. Bh6 Qc7 14. Bxg7 Kxg7 15. Rfe1 Ne5 16. Nd5 Bxd5 17. exd5 Rfc8 18. c3 b5 19. axb5 axb5 20. Qg5 Qd7 21. Nc6 Nxc6 22. dxc6 Qc7 23. Qe3 e6 24. Ra7 Qb6 25. Rxf7+ Kxf7 26. Qxe6+ Kg7 27. Qe7+ Kh6 28. Qxf6 Re8 29. Qh4+ Kg7 30. Re7+ Rxe7 31. Qxe7+ Kh6 32. Qxd6 Re8 33. Qf4+ Kg7 34. c7 Qc5 35. Bb7 Rf8 36. Qd4+ Qxd4 37. cxd4 b4 38. d5 Kf6 39. c8=Q 1-0


[Site "https://www.chess.com"]

[Event "Titled Tuesday Blitz July 4 Late 2023"]
[White "Svicevic, Rastko"]
[Black "Reprintsev, Alexander"]
[WhiteFideId "916315"]
[BlackFideId "14100541"]
[WhiteElo "2360"]
[BlackElo "2484"]
[Result "0-1"]
[Round "5"]
[TimeControl "180+2"]
[Date "2023.07.04"]
[WhiteClock "0:00:04"]
[BlackClock "0:00:22"]
[Board "117"]

1. d4 d5 2. Bg5 Nc6 3. e3 f6 4. Bh4 Nh6 5. Bg3 e5 6. c3 Nf5 7. Bb5 h5 8. Bxc6+ bxc6 9. h3 Nxg3 10. fxg3 Bd6 11. Ne2 c5 12. Nd2 cxd4 13. cxd4 exd4 14. exd4 h4 15. O-O hxg3 16. Qb3 c6 17. Nxg3 Rb8 18. Rae1+ Kf8 19. Qd3 Rxb2 20. Nf5 Bxf5 21. Rxf5 Bb4 22. Re2 Bxd2 23. Rxd2 Rxd2 24. Qxd2 Rh4 25. Qf2 Re4 26. Rf3 Qe7 27. Rb3 Kf7 28. Rb1 Re2 29. Qf3 Qe3+ 30. Qxe3 Rxe3 31. Rb7+ Re7 32. Rb4 Re4 33. Kf2 Kg6 34. Ra4 c5 35. Rxa7 Rxd4 36. a4 Rd2+ 37. Kf3 c4 38. a5 Ra2 39. a6 Kf5 40. Rd7 Ke6 41. a7 Kxd7 0-1


[Site "https://www.chess.com"]

[Event "Titled Tuesday Blitz July 4 Late 2023"]
[White "Baches Garcia, Guillermo"]
[Black "Haitin, Ilja"]
[WhiteFideId "2209764"]
[BlackFideId "4501764"]
[WhiteElo "2464"]
[BlackElo "2333"]
[Result "1/2-1/2"]
[Round "5"]
[TimeControl "180+2"]
[Date "2023.07.04"]
[WhiteClock "0:00:03"]
[BlackClock "0:00:00"]
[Board "118"]

1. e4 e6 2. d4 d5 3. exd5 exd5 4. Nf3 Bd6 5. c4 dxc4 6. Bxc4 Nf6 7. O-O O-O 8. Nc3 Nc6 9. h3 h6 10. Qc2 a6 11. Bxh6 gxh6 12. Qg6+ Kh8 13. Qxh6+ Nh7 14. Ne4 Bf5 15. Rfe1 Bxe4 16. Rxe4 Qf6 17. Qe3 Rg8 18. Re1 Rg7 19. g4 Rag8 20. Re8 Rxe8 21. Qxe8+ Rg8 22. Qxf7 Qxf7 23. Bxf7 Rf8 24. Bd5 Nf6 25. Bxc6 bxc6 26. Rc1 Nd5 27. Ne5 Kg7 28. Rxc6 Nb4 29. Rc4 Nxa2 30. Nd3 a5 31. Kg2 Nb4 32. Ne5 Nd5 33. Nc6 Nf4+ 34. Kf1 Nxh3 35. Nxa5 Rxf2+ 36. Ke1 Rxb2 37. Nc6 Nf4 38. Kd1 Kf6 39. Ra4 Kg5 40. Kc1 Rb6 41. Nd8 Kxg4 42. d5 Kf5 43. Ra5 Ke5 44. Nc6+ Kf6 45. Kd2 Nxd5 46. Nd4 Ne7 47. Rh5 Rb2+ 48. Kc3 Rg2 49. Rh3 Rg3+ 50. Rxg3 Bxg3 51. Nb5 c6 52. Na7 c5 53. Kc4 Bf2 54. Nb5 Nc6 55. Nc7 1/2-1/2


[Site "https://www.chess.com"]

[Event "Titled Tuesday Blitz July 4 Late 2023"]
[White "Shapiro, Viktor"]
[Black "Kostiukov, Alexandr"]
[WhiteFideId "4175700"]
[BlackFideId "14108100"]
[WhiteElo "2456"]
[BlackElo "2302"]
[Result "1-0"]
[Round "5"]
[TimeControl "180+2"]
[Date "2023.07.04"]
[WhiteClock "0:00:05"]
[BlackClock "0:00:07"]
[Board "119"]

1. c4 g6 2. Nc3 Bg7 3. Nf3 c5 4. g3 Nf6 5. Bg2 O-O 6. O-O Nc6 7. d3 d5 8. cxd5 Nxd5 9. Bd2 Nc7 10. h4 h6 11. a3 b6 12. Rb1 Bb7 13. b4 cxb4 14. axb4 Qd7 15. b5 Nd4 16. Nxd4 Bxg2 17. Kxg2 Qxd4 18. Qb3 Ne6 19. Rfc1 Nc5 20. Qa2 Qd7 21. Nd5 Qe6 22. Be3 Rfc8 23. Rc2 a6 24. bxa6 Rxa6 25. Qc4 Ra4 26. Rb4 b5 27. Qxc5 Rxc5 28. Rxc5 Rxb4 29. Nxb4 Qd7 30. Nc6 Qb7 31. f3 b4 32. Na5 Qb8 33. Nb3 Bc3 34. Bd4 Bxd4 35. Nxd4 b3 36. Rb5 Qd6 37. Nxb3 Qe6 38. Rb8+ Kg7 39. Kf2 g5 40. hxg5 hxg5 41. Nd2 Qh3 42. Ne4 Qh2+ 43. Ke3 Qg1+ 44. Kd2 f6 45. Rb7 Kf7 46. g4 Qd4 47. Rb3 Qa4 48. Rc3 Qa2+ 49. Rc2 Qa1 50. Nc3 Ke6 51. Ne4 Ke5 52. Rc5+ Kf4 53. Rf5# 1-0


[Site "https://www.chess.com"]

[Event "Titled Tuesday Blitz July 4 Late 2023"]
[White "Karas, Marek"]
[Black "SicilianPanzer"]
[WhiteFideId "14928558"]
[WhiteElo "2450"]
[BlackElo "2248"]
[Result "1-0"]
[Round "5"]
[TimeControl "180+2"]
[Date "2023.07.04"]
[WhiteClock "0:00:37"]
[BlackClock "0:00:00"]
[Board "120"]

1. h4 d5 2. d4 Nf6 3. Bf4 c5 4. e3 Nc6 5. c3 Qb6 6. Qb3 c4 7. Qc2 Bf5 8. Qc1 e6 9. Nd2 Qd8 10. Ngf3 b5 11. a3 Bd6 12. g3 O-O 13. Bg2 a5 14. O-O Qe7 15. Ne5 Bxe5 16. Bxe5 Nxe5 17. dxe5 Nd7 18. f4 f6 19. exf6 Nxf6 20. Bf3 e5 21. Re1 Rae8 22. Nf1 Qc5 23. Kg2 exf4 24. exf4 d4 25. cxd4 Qxd4 26. Qd2 Bd3 27. Qf2 Qd7 28. Rxe8 Rxe8 29. Re1 Rxe1 30. Qxe1 Qd4 31. Qe6+ Kf8 32. Qc8+ Kf7 33. Qb7+ Kg6 34. Qxb5 Bxf1+ 35. Kxf1 Qd3+ 36. Kg2 Qd2+ 37. Kh3 Qf2 38. Bh5+ Nxh5 39. Qg5+ Kf7 40. Qxh5+ Kf8 41. Qf5+ 1-0


[Site "https://www.chess.com"]

[Event "Titled Tuesday Blitz July 4 Late 2023"]
[White "Buchenau, Frank"]
[Black "rikchessmx"]
[WhiteFideId "4604350"]
[WhiteElo "2435"]
[BlackElo "2233"]
[Result "0-1"]
[Round "5"]
[TimeControl "180+2"]
[Date "2023.07.04"]
[WhiteClock "0:00:00"]
[BlackClock "0:00:43"]
[Board "121"]

1. e4 e5 2. Nf3 Nc6 3. Bc4 Bc5 4. c3 Qf6 5. O-O d6 6. b4 Bb6 7. a4 a6 8. d3 h6 9. Nbd2 Nge7 10. Bb3 O-O 11. Nc4 Ba7 12. Ne3 Be6 13. Nd5 Bxd5 14. exd5 Nb8 15. Be3 Nd7 16. Bxa7 Rxa7 17. d4 Ng6 18. Re1 Raa8 19. dxe5 Ndxe5 20. Nxe5 dxe5 21. Bc2 Nf4 22. Qf3 Rad8 23. Rad1 Rfe8 24. g3 Nh3+ 25. Kg2 Qxf3+ 26. Kxf3 g6 27. Kg2 Ng5 28. f4 exf4 29. gxf4 Nh7 30. c4 Nf6 31. Kf3 Nd7 32. a5 Kf8 33. Ba4 Rxe1 34. Rxe1 Nf6 35. Re5 Rd6 36. h4 Kg7 37. Bb3 Kf8 38. c5 Rd7 39. f5 g5 40. hxg5 hxg5 41. Bc4 Re7 42. Rxe7 Kxe7 43. c6 b5 44. axb6 cxb6 45. Bxa6 Nxd5 46. b5 Kf6 47. Ke4 Nc7 48. Bc8 Nxb5 49. Kd5 Na7 50. Bd7 b5 51. c7 b4 52. Kc4 g4 53. Kxb4 g3 0-1


[Site "https://www.chess.com"]

[Event "Titled Tuesday Blitz July 4 Late 2023"]
[White "KorolDimitriy75"]
[Black "Schachpanda_Youtube"]
[WhiteElo "2430"]
[BlackElo "2223"]
[Result "1/2-1/2"]
[Round "5"]
[TimeControl "180+2"]
[Date "2023.07.04"]
[WhiteClock "0:01:34"]
[BlackClock "0:01:19"]
[Board "122"]

1. d4 d5 2. c4 e6 3. Nc3 Nf6 4. Bg5 Be7 5. cxd5 Nxd5 6. Bxe7 Qxe7 7. e4 Nxc3 8. bxc3 c5 9. Nf3 O-O 10. Be2 cxd4 11. cxd4 b6 12. O-O Bb7 13. Qd3 Rd8 14. Rad1 Nc6 15. Qe3 Rac8 16. h3 Na5 17. Ne5 f6 18. Nf3 Nc4 19. Qb3 Na5 20. Qe3 Nc4 21. Qb3 Na5 22. Qe3 1/2-1/2


[Site "https://www.chess.com"]

[Event "Titled Tuesday Blitz July 4 Late 2023"]
[White "Sanchez, Robert"]
[Black "Lalanne, Pablo"]
[WhiteFideId "2034360"]
[BlackFideId "112151"]
[WhiteElo "2202"]
[BlackElo "2427"]
[Result "0-1"]
[Round "5"]
[TimeControl "180+2"]
[Date "2023.07.04"]
[WhiteClock "0:01:28"]
[BlackClock "0:01:35"]
[Board "123"]

1. e4 e5 2. Nf3 Nc6 3. Bb5 a6 4. Ba4 Nf6 5. d3 b5 6. Bb3 Be7 7. O-O O-O 8. c3 d6 9. h3 h6 10. Re1 Re8 11. Nbd2 Bf8 12. Nf1 Ne7 13. Ng3 Ng6 14. Be3 c5 15. Qd2 a5 16. a4 b4 17. cxb4 axb4 18. Bc4 d5 19. exd5 Nxd5 20. Ne4 Ra5 21. b3 Be6 22. Rac1 f5 23. Ng3 f4 24. Nxe5 fxe3 25. fxe3 Nxe5 0-1


[Site "https://www.chess.com"]

[Event "Titled Tuesday Blitz July 4 Late 2023"]
[White "Omariev, Maksim"]
[Black "Mangialardo, Tiago Carvalho"]
[WhiteFideId "4193423"]
[BlackFideId "2130718"]
[WhiteElo "2424"]
[BlackElo "2122"]
[Result "1-0"]
[Round "5"]
[TimeControl "180+2"]
[Date "2023.07.04"]
[WhiteClock "0:00:35"]
[BlackClock "0:00:00"]
[Board "124"]

1. g4 e5 2. Bg2 d5 3. h3 h5 4. d4 e4 5. g5 h4 6. c4 c6 7. Nc3 Ne7 8. Qb3 Nf5 9. cxd5 Nxd4 10. Qa4 Bc5 11. Be3 Qb6 12. O-O-O Nb5 13. Qxe4+ Kf8 14. Nxb5 Bxe3+ 15. fxe3 cxb5 16. Nf3 Nd7 17. Kb1 Nc5 18. Qf4 g6 19. Ne5 Rh7 20. d6 Be6 21. Nxg6+ Kg7 22. Qf6+ 1-0


[Site "https://www.chess.com"]

[Event "Titled Tuesday Blitz July 4 Late 2023"]
[White "Boyer, Mahel"]
[Black "Cardozo Munar, Carlos Eduardo"]
[WhiteFideId "45102422"]
[BlackFideId "4409477"]
[WhiteElo "2693"]
[BlackElo "2332"]
[Result "0-1"]
[Round "5"]
[TimeControl "180+2"]
[Date "2023.07.04"]
[WhiteClock "0:00:00"]
[BlackClock "0:02:28"]
[Board "125"]

1. e4 e6 2. c3 d5 3. d3 c5 4. g3 Nf6 5. Bg2 Be7 6. exd5 exd5 7. Nf3 O-O 8. O-O Nc6 9. Re1 Bg4 10. h3 Bh5 11. Nbd2 Re8 12. Nf1 h6 13. g4 Bg6 14. Ng3 Bf8 15. Rxe8 Qxe8 16. Be3 Qd7 0-1


[Site "https://www.chess.com"]

[Event "Titled Tuesday Blitz July 4 Late 2023"]
[White "Pinheiro, Iung Alicio de O."]
[Black "Garmendiarov"]
[WhiteFideId "2104350"]
[WhiteElo "2579"]
[BlackElo "2329"]
[Result "1-0"]
[Round "5"]
[TimeControl "180+2"]
[Date "2023.07.04"]
[WhiteClock "0:00:08"]
[BlackClock "0:00:03"]
[Board "126"]

1. e4 c5 2. Nc3 e6 3. Nf3 a6 4. d4 cxd4 5. Nxd4 b5 6. Be2 Bb7 7. O-O Qc7 8. Re1 d6 9. Bf3 Be7 10. a4 b4 11. Nd5 exd5 12. exd5 Kf8 13. Bf4 g6 14. c3 bxc3 15. Rc1 Kg7 16. Rxc3 Qd8 17. Nc6 Bxc6 18. dxc6 Qc7 19. h4 Ra7 20. Rxe7 Nxe7 21. Bxd6 Qc8 22. Qd4+ f6 23. Qxa7 Re8 24. Bxe7 Qe6 25. Re3 Qf7 26. c7 Nd7 27. Bd6 Ne5 28. Bxe5 fxe5 29. Bg4 Re7 30. Rc3 Qd5 31. Qc5 Qxc5 32. Rxc5 h5 33. c8=Q hxg4 34. Rc7 Kf6 35. Qd8 Ke6 36. Qxe7+ Kf5 37. Rc5 Ke4 38. Qxe5+ Kd3 39. Qe3# 1-0


[Site "https://www.chess.com"]

[Event "Titled Tuesday Blitz July 4 Late 2023"]
[White "The_Straightforward_Rook"]
[Black "HamedWafa4"]
[WhiteElo "2328"]
[BlackElo "2575"]
[Result "1-0"]
[Round "5"]
[TimeControl "180+2"]
[Date "2023.07.04"]
[WhiteClock "0:01:19"]
[BlackClock "0:00:07"]
[Board "127"]

1. d4 Nf6 2. c4 g6 3. h4 Bg7 4. Nc3 O-O 5. e4 d6 6. Be2 h5 7. Bg5 c5 8. d5 b5 9. cxb5 a6 10. a4 axb5 11. Bxb5 Na6 12. Nf3 Nb4 13. O-O Bg4 14. Ra3 Nd7 15. Qd2 Bxf3 16. gxf3 Ne5 17. Kg2 Kh7 18. Be2 Qd7 19. f4 Ng4 20. f3 Nf6 21. a5 Ne8 22. Bb5 Qc7 23. f5 gxf5 24. a6 Rg8 25. Kh1 Qb6 26. Bxe8 Raxe8 27. exf5 Be5 28. f4 Bd4 29. Qe2 f6 30. Qxh5+ Kg7 31. Bh6+ Kh7 32. Bf8# 1-0


[Site "https://www.chess.com"]

[Event "Titled Tuesday Blitz July 4 Late 2023"]
[White "Palencia Morales, Wilson Guillermo"]
[Black "Vasques, Antonio Pedro Freixial"]
[WhiteFideId "4401859"]
[BlackFideId "1908332"]
[WhiteElo "2544"]
[BlackElo "2326"]
[Result "0-1"]
[Round "5"]
[TimeControl "180+2"]
[Date "2023.07.04"]
[WhiteClock "0:00:00"]
[BlackClock "0:00:52"]
[Board "128"]

1. d4 Nf6 2. c4 e6 3. Nf3 Bb4+ 4. Nbd2 O-O 5. a3 Be7 6. e4 d5 7. e5 Nfd7 8. Qc2 c5 9. dxc5 Nxc5 10. b4 Ncd7 11. Bb2 a5 12. b5 dxc4 13. Nxc4 Nb6 14. Nxb6 Qxb6 15. Bd4 Qd8 16. Bd3 h6 17. O-O Nd7 18. Rfd1 b6 19. Be4 Ra7 20. Bc6 Qc7 21. Rac1 Nc5 22. a4 Bb7 23. Bxc5 Bxc5 24. Rd7 Qc8 25. Rcd1 Bxc6 26. Rxa7 Bxf3 27. gxf3 Qb8 28. Rdd7 Qxe5 29. Qe4 Qa1+ 30. Kg2 Qa2 31. Qh4 g5 32. Qg3 Qxa4 33. Qe5 Qc2 34. Qe1 Qb2 35. Qd2 Qxb5 36. h4 Qb4 37. hxg5 Qxd2 38. Rxd2 hxg5 39. Rdd7 Kg7 40. Rdb7 Kf6 41. Kf1 e5 42. Ke2 Ke6 43. Rc7 f6 44. Kd3 Rd8+ 45. Kc4 Rd4+ 46. Kb5 Rf4 0-1


[Site "https://www.chess.com"]

[Event "Titled Tuesday Blitz July 4 Late 2023"]
[White "AdvanceGuard4"]
[Black "Korpics, Zsolt"]
[BlackFideId "705241"]
[WhiteElo "2523"]
[BlackElo "2323"]
[Result "1-0"]
[Round "5"]
[TimeControl "180+2"]
[Date "2023.07.04"]
[WhiteClock "0:00:35"]
[BlackClock "0:00:00"]
[Board "129"]

1. e4 c5 2. Nf3 e6 3. c3 Nf6 4. e5 Nd5 5. Bc4 Nb6 6. Bb3 d6 7. exd6 Bxd6 8. O-O O-O 9. d4 cxd4 10. cxd4 h6 11. Nc3 Nc6 12. a3 e5 13. dxe5 Nxe5 14. Ne4 Bc7 15. Nxe5 Bxe5 16. Qh5 Qd3 17. Qxe5 Qxb3 18. Be3 Nc4 19. Nd2 Nxd2 20. Bxd2 Qe6 21. Qd4 Qd7 22. Qe3 Re8 23. Qc3 Qc6 24. Qxc6 bxc6 25. Be3 Be6 26. Rfd1 Bd5 27. Rac1 a6 28. Rc5 Rab8 29. b4 Red8 30. f3 Kf8 31. Kf2 Ke7 32. h4 Ke6 33. h5 f6 34. g4 Kf7 35. Ra5 Bc4 36. Rc1 Bb5 37. a4 Bd3 38. Bd2 1-0


[Site "https://www.chess.com"]

[Event "Titled Tuesday Blitz July 4 Late 2023"]
[White "Kukavica, Tony"]
[Black "Moral Garcia, Serafin"]
[WhiteFideId "2062542"]
[BlackFideId "2201925"]
[WhiteElo "2305"]
[BlackElo "2515"]
[Result "0-1"]
[Round "5"]
[TimeControl "180+2"]
[Date "2023.07.04"]
[WhiteClock "0:00:01"]
[BlackClock "0:00:45"]
[Board "130"]

1. d4 Nf6 2. c4 g6 3. Nc3 d5 4. Qb3 dxc4 5. Qxc4 Bg7 6. e4 O-O 7. Be2 Nc6 8. Be3 e5 9. d5 Nd4 10. Nf3 Nxe2 11. Nxe2 Ne8 12. O-O Nd6 13. Qc2 f5 14. Bg5 Qd7 15. Nc3 f4 16. Qa4 Rf7 17. Qc2 h6 18. Bh4 g5 19. Bxg5 hxg5 20. Nxg5 Rf6 21. Ne6 Qe7 22. Rac1 Bxe6 23. dxe6 c6 24. Na4 Rxe6 25. Nc5 Rg6 26. Qb3+ Qf7 27. Qh3 f3 28. g3 b6 29. Nd3 Nxe4 30. Rfd1 Ng5 31. Qg4 Ne6 32. Qc4 Nd4 33. Kf1 Ne2 34. Rc2 Rh6 35. h4 Rd8 36. Rdd2 Rhd6 37. Nxe5 Bxe5 38. Rxd6 Rxd6 39. Qg4+ Kh8 40. Qc8+ Kh7 41. Ke1 Nxg3 42. fxg3 Bxg3+ 43. Kf1 Rd1# 0-1


[Site "https://www.chess.com"]